 Dungeon Crawl Stone Soup version 0.28-a0-206-gc2c9e32840 (webtiles) character file.

Game seed: 9829607315169299516

84 Derpface the Covered (level 4, -4/40 HPs)
             Began as a Minotaur Fighter on Aug 21, 2021.
             Was an Initiate of Makhleb.
             Slain by a gnoll (6 damage)
             ... on level 2 of the Dungeon.
             The game lasted 00:05:29 (1864 turns).

Derpface the Covered (Minotaur Fighter)             Turns: 1864, Time: 00:05:30

Health: -4/40      AC:  7    Str: 21    XL:     4   Next: 23%
Magic:  3/3        EV:  7    Int:  5    God:    Makhleb [......]
Gold:   65         SH:  8    Dex: 10    Spells: 3/3 levels left

rFire   + . .      SeeInvis .   a - +0 flail
rCold   + . .      Faith    .   c - +0 kite shield
rNeg    . . .      Spirit   .   b - +0 scale mail
rPois   .          Reflect  .   (helmet restricted)
rElec   .          Harm     .   j - scarf {rC+ rF+}
rCorr   .          Rampage  .   (no gloves)
Will    .....                   (no boots)
Stlth   ..........              (no amulet)
HPRegen 0.13/turn               (no ring)
MPRegen 0.08/turn               (no ring)

@: no status effects
A: horns 2, retaliatory headbutt
a: Renounce Religion


You were on level 2 of the Dungeon.
You worshipped Makhleb.
Makhleb was noncommittal.
You visited 1 branch of the dungeon, and saw 2 of its levels.

You collected 65 gold pieces.

Inventory:

Hand Weapons
 a - a +0 flail (weapon)
Armour
 b - a +0 scale mail (worn)
 c - a +0 kite shield (worn)
 j - a scarf of resistance (worn)
Scrolls
 f - a scroll of enchant armour {unknown}
 g - a scroll of identify {unknown}
 h - a scroll of fear {unknown}
Potions
 d - a potion of might
 e - a potion of curing {unknown}
 i - a potion of heal wounds {unknown}


   Skills:
 + Level 4.2 Fighting
 + Level 3.6 Maces & Flails
 + Level 4.4 Armour
 + Level 0.2 Dodging
 + Level 0.2 Stealth
 + Level 4.1 Shields


You had 3 spell levels left.
You didn't know any spells.
Your spell library contained the following spells:

 Spells                   Type           Power      Damage    Failure   Level
 Freeze                   Ice            0%         1d3       99%         1
 Frozen Ramparts          Ice            0%         1d2       100%        3
 Hailstorm                Conj/Ice       0%         3d3       100%        4


Dungeon Overview and Level Annotations

Branches:
Dungeon (2/15)

Altars:
Makhleb

Shops:
D:1 =


Innate Abilities, Weirdness & Mutations

You have a pair of horns on your head.
You reflexively headbutt those who attack you in melee.


Message History

The gnoll barely misses you. The gnoll hits you with a +0 whip.
You block the gnoll's attack.
You closely miss the gnoll. You headbutt the gnoll!
The gnoll is heavily wounded.
The gnoll hits you with a +0 flail.
You hit the gnoll. Your headbutt misses the gnoll.
The gnoll is almost dead.
The gnoll hits you with a +0 flail. You block the gnoll's attack. x2
You hit the gnoll but do no damage. You headbutt the gnoll.
You kill the gnoll!
Makhleb accepts your kill. The gnoll closely misses you.
The gnoll hits you from afar with a +0 halberd.
You have reached level 4!
You feel stronger.
You thump the gnoll!
The gnoll is severely wounded.
The gnoll barely misses you. You block the gnoll's attack.
The gnoll hits you but does no damage.
You sock the gnoll!
You kill the gnoll!
Makhleb accepts your kill.
The gnoll hits you from afar with a +0 halberd!
* * * LOW HITPOINT WARNING * * *
You block the gnoll's attack. You block the gnoll's attack.
Things that are here:
a +0 whip; a +0 flail; a gnoll corpse You closely miss the gnoll.
You block the gnoll's attack.
You hit the gnoll. Your headbutt misses the gnoll.
The gnoll is lightly wounded.
The gnoll hits you with a +0 halberd.
* * * LOW HITPOINT WARNING * * *
The gnoll hits you but does no damage. The gnoll hits you with a +0 halberd.
* * * LOW HITPOINT WARNING * * *
The gnoll closely misses you.
You closely miss the gnoll.
The gnoll is lightly wounded.
The gnoll hits you with a +0 halberd.
You die...

.# ...g......# .#
..........# .#
.∩..8..∩..∩##.
...........#..
...........#.# #
._..♣..∩..8#.###.#
...........#.#...#
...........#@#.#.#
.∩..♣.....♣g...#.
..........g#.....#
...........###.###### .
.8..∩....(.###......# .#
####.##.............##.##
... ########...........
### #.............(#.#.
#.######.......#


You could see 2 gnolls.

Vanquished Creatures
  An orc wizard (D:2)
  2 gnolls (D:2)
  An adder (D:2)
  2 orcs (D:2)
  3 endoplasms (D:1)
  3 giant cockroaches
  3 goblins
  5 hobgoblins (D:1)
  A quokka (D:2)
  A ball python (D:2)
  A frilled lizard (D:1)
  A kobold (D:2)
  2 rats
26 creatures vanquished.

Notes
Turn   | Place    | Note
-------+----------+-------------------------------------------
     0 | D:1      | Derpface the Minotaur Fighter began the quest for the Orb.
     0 | D:1      | Reached XP level 1. HP: 19/19 MP: 0/0
   346 | D:1      | Reached XP level 2. HP: 27/27 MP: 1/1
   814 | D:1      | Found Bet Momu's Jewellery Shop.
  1140 | D:2      | Found a burning altar of Makhleb.
  1154 | D:2      | Became a worshipper of Makhleb the Destroyer
  1219 | D:2      | Reached XP level 3. HP: 33/33 MP: 2/2
  1842 | D:2      | Found a faded altar of an unknown god.
  1859 | D:2      | Reached XP level 4. HP: 17/40 MP: 3/3
  1863 | D:2      | HP: 2/40 [gnoll (4)]
  1864 | D:2      | Slain by a gnoll

Illustrated notes

Levels and vault maps discovered:
D:1:      amcnicky_arrival_single_pillar, layout_loops_ring, serial_shops,
          nicolae_lakefront_shop
D:2:      layout_loops_cross, basic_altar,
          hellmonk_ecumenical_altar_arch_garden, minmay_shallow_snake_nest

Skill      XL: |  1  2 |
---------------+-------+-----
Fighting       | 4 |  4.2
Armour         | 4 |  4.4
Shields        | 4 |  4.1
Maces & Flails | 3 |  3.6
Dodging        | |  0.2
Stealth        | |  0.2

Action                   |  1- 3 |  4- 6 || total
-------------------------+-------+-------++-------
Melee: Flail             |    71 |     5 ||    76
       Headbutt          |    10 |       ||    10
Armor: Scale mail        |    38 |     2 ||    40
Dodge: Dodged            |    25 |     2 ||    27
Block: Kite shield       |    27 |     4 ||    31

Table legend: (Time is in decaauts)
 A = Elapsed time spent in this place.
 B = Non-inter-level travel time spent in this place.
 C = Inter-level travel time spent in this place.
 D = Time resting spent in this place.
 E = Time spent auto-exploring this place.
 F = Levels seen in this place.
 G = Mean time per level.
                   A        B        C        D        E       F      G
               +--------+--------+--------+--------+--------+-----+--------+
         Total |   1899 |   1899 |      0 |    843 |    301 |   2 |  949.5 |
       Dungeon |   1899 |   1899 |      0 |    843 |    301 |   2 |  949.5 |
               +--------+--------+--------+--------+--------+-----+--------+

Top non-repeatable levels by time:
     D:1: 1105 daAuts
     D:2: 794 daAuts
